cohdb
Replays
Latest Replays
All Replays
Popular Replays
Top Player Replays
Match Explorer
How It Works
Community
CoH3 Stats
Reddit
Sign in to upload your games and track your stats! →
Sign in with Steam
Match 45453965
Unlisted
Match 45453965
Overview
Messages
Build Orders
End
Construct Section Command Post
Selects Heavy Armor Battlegroup
Infantry Section
Dingo Light Scout Car
Grenade Package
Infantry Section
Infantry Section
Vickers Machine Gun Team
Selects Rigorous Vehicle Training
ML 3-inch Mortar Team
Construct Platoon Command Post
Construct Field Infirmary
Selects Light Vehicle Withdraw and Refit
Selects UNKNOWN (202330)
6-pounder Anti-tank Gun Team
Infantry Section
Infantry Section
blackjack11444
GrumbleDumb
Buzzlightbeer
chmod 777
InfectedCure
Nick
0
0
Comments
sign in to comment!
No comments posted yet!